 Dungeon Crawl Stone Soup version 0.20-a0-927-g1ae2c61 (webtiles) character file.

34295 MrDNA the Cleaver (level 14, -4/92 HPs)
             Began as a Kobold Berserker on Mar 27, 2017.
             Was a High Priest of Trog.
             Slain by an orc warrior
             ... wielding a +2 war axe of electrocution
              (12 damage)
             ... on level 1 of the Orcish Mines on Mar 28, 2017.
             The game lasted 01:17:21 (22764 turns).

MrDNA the Cleaver (Kobold Berserker)               Turns: 22764, Time: 01:17:22

Health: -4/92      AC: 19    Str: 19 (20) XL:     14   Next: 12%
Magic:  14/14      EV:  7    Int:  5 (8)  God:    Trog [*****.]
Gold:   1148       SH: 12    Dex: 15 (16) Spells: 13/13 levels left

rFire    + . .     SeeInvis .   N - +2 war axe (holy)
rCold    . . .     Gourm    .   b - +4 shield of Discretion {rPois rF+ Str+2}
rNeg     . . .     Faith    .   s - +1 plate armour
rPois    +         Spirit   .   (helmet restricted)
rElec    .         Reflect  .   A - +0 cloak
rCorr    +         Harm     .   O - +0 pair of gloves
MR       ++...                  K - +0 pair of boots
Stlth    ..........             (no amulet)
Regen    0.3/turn               I - ring of resist corrosion
MPRegen  0.2/turn               (no ring)

@: drained
A: antennae 1, carnivore 3, deterioration 1, magic resistance 1, sturdy frame 1
a: Berserk, Trog's Hand, Brothers in Arms, Burn Spellbooks, Renounce Religion


You were on level 1 of the Orcish Mines.
You worshipped Trog.
Trog was extremely pleased with you.
You were completely stuffed.

You visited 3 branches of the dungeon, and saw 15 of its levels.
You also visited: Ossuary and Volcano.

You collected 1148 gold pieces.

Inventory:

Hand Weapons
 r - a +4 broad axe of electrocution
 v - a +0 blowgun
 N - a +2 war axe of holy wrath (weapon)
 P - a +5 war axe
 R - a +0 flail of protection
Missiles
 q - 71 poisoned needles
 V - an exploding tomahawk (quivered)
Armour
 b - the +4 shield of Discretion (worn) {rPois rF+ Str+2}
   (You acquired it on level 11 of the Dungeon)

   It affects your strength (+2).
   It protects you from fire.
   It protects you from poison.
 s - a +1 plate armour (worn)
 A - a +0 cloak (worn)
 K - a +0 pair of boots (worn)
 O - a +0 pair of gloves (worn)
Jewellery
 z - an uncursed ring of ice
 I - a ring of resist corrosion (left hand)
Wands
 u - a wand of random effects (18/48)
 C - a wand of paralysis (17/24)
 G - a wand of digging (11/24)
 H - a wand of lightning (7/15)
 L - a wand of acid (6/15)
 T - a wand of random effects (20/48)
Scrolls
 e - 7 scrolls of enchant armour
 h - 5 scrolls of teleportation
 i - a scroll of fear
 o - 3 scrolls of blinking
 t - 4 scrolls of remove curse
 y - 3 scrolls of recharging {unknown}
 D - a scroll of noise {unknown}
 E - a scroll of immolation {unknown}
 F - 3 scrolls of magic mapping
 J - a scroll of enchant weapon
 M - a scroll of fog {unknown}
 Q - a scroll of holy word {unknown}
 X - a scroll of vulnerability {unknown}
Potions
 a - a potion of magic
 g - 5 potions of might
 k - a potion of flight
 n - 6 potions of brilliance
 w - 2 potions of curing
 B - a potion of invisibility
 U - 2 potions of agility
 W - a potion of resistance {unknown}
 Z - a potion of lignification
Miscellaneous
 S - a sack of spiders
Comestibles
 c - 5 meat rations
 m - 4 royal jellies


   Skills:
 + Level 12.1(11.8) Fighting
 + Level 14.0(13.7) Axes
 - Level 1.0(9.8) Maces & Flails
 + Level 10.0(9.6) Armour
 - Level 2.4(2.1) Dodging
 - Level 0.2(0.0) Shields


You had 13 spell levels left.
You didn't know any spells.

Dungeon Overview and Level Annotations

Branches:
Dungeon (12/15)            Temple (0/1) D:4            Lair (1/6) D:10
    Orc (2/2) D:9
    Elf: Orc:2

Altars:
Ashenzari
Cheibriados
Dithmenos
Elyvilon
Fedhas
Gozag
Kikubaaqudgha
Nemelex Xobeh
Okawaru
Trog
Uskayaw
The Shining One

Shops:
D:4 }   Orc:2 =

Annotations:
Orc:1 Maurice
Orc:2 Josephine; moarrgan's ghost, journeyman MiBe


Innate Abilities, Weirdness & Mutations

You are small and have problems with some larger weapons.
You are carnivorous and can eat meat at any time.
You have a pair of small antennae on your head.
Your body sometimes deteriorates upon taking damage.
You are resistant to hostile enchantments. (MR+)
Your movements are slightly less encumbered by armour. (ER -2)


Message History

You kill the orc priest!
Trog accepts your kill.
The orc warrior throws a tomahawk.
The tomahawk hits you.
The orc warrior throws a tomahawk.
The tomahawk hits you.
You see here a tomahawk.
You hit the orc warrior but do no damage.
The orc warrior hits you with a war axe of electrocution!
* * * LOW HITPOINT WARNING * * *
2 orcs come into view.
An orc is wielding a hand axe of freezing.
Your two-headed ogre goes berserk!
You feel quite a bit less full.
The orc shouts! x2
The orc warrior barely misses you.
The orc warrior throws a tomahawk.
You block the tomahawk.
Unknown command.
The orc warrior hits you with a war axe of electrocution!
* * * LOW HITPOINT WARNING * * *
You are electrocuted!
You die...

...##..........######.#.##....#
...#........#.###.##.........##
...##....#.#####....#.#..#.#.###
...##.....## ##.....#...#....##
....o.....## ##.....#.##.....#
.#...#...#.## ####.#.##.......##
##......#...# ##.###............#
###.........###.O.#.......#.....#
.#...#....o..###@###.#....#......
###..#.....o.)(o(.###............
# #...#.########.()##.........[[[
####.#### #...o...#......... .#
### ##.......#......## ##
####....).)...#.. #
###....#[)[... # #...###)><.". #
##..###.[....


You could see 2 orc warriors, an orc and a friendly two-headed ogre (berserk).

Vanquished Creatures
  Nessos (D:12)
  A hydra (Lair:1)
  Fannar (D:11)
  The ghost of aTarkinC the Covert, a journeyman KoFE of Vehumet (D:12)
  4 two-headed ogres
  An orc high priest (Orc:1)
  A lindwurm (Volcano)
  Pikel (D:7)
  2 orc knights
  2 orc sorcerers (Orc:1)
  A cyclops (D:11)
  2 black mambas (Lair:1)
  4 spiny frogs (Lair:1)
  A centaur skeleton (D:12)
  5 komodo dragons (Lair:1)
  4 trolls
  4 hippogriffs
  A shadow (D:8)
  29 yaks
  4 water elementals
  6 wraiths
  9 fire bats (Volcano)
  3 wyverns
  2 steam dragons (Volcano)
  3 wargs (Orc:1)
  Menkaure (D:6)
  An acid dragon (D:12)
  5 water moccasins (Lair:1)
  4 porcupines (Lair:1)
  4 ice beasts
  23 orc warriors
  A phantom (D:10)
  2 sky beasts (D:11)
  2 black bears
  A necrophage (D:7)
  10 ogres
  A slave (D:7)
  7 centaurs
  4 big kobolds
  3 elf zombies (Ossuary)
  4 bullfrogs
  A scorpion (D:8)
  3 wyvern skeletons
  10 killer bees
  4 wights
  3 howler monkeys
  5 crimson imps
  A bullfrog zombie (D:5)
  2 quasits
  A centaur zombie (D:8)
  8 hounds
  4 jellies
  A bullfrog skeleton (D:7)
  A gnoll shaman (Orc:1)
  12 orc priests
  Natasha (twice) (D:2)
  4 iguanas
  12 orc wizards
  9 worker ants
  2 big kobold zombies (Ossuary)
  3 hound skeletons
  2 mummies (Ossuary)
  A worker ant zombie (D:8)
  12 gnolls
  11 adders
  3 shadow imps
  2 oozes
  An adder skeleton (D:9)
  4 adder zombies
  6 worms
  A dart slug (D:2)
  9 leopard geckos
  89 orcs
  2 giant cockroaches
  6 goblins
  9 hobgoblins
  6 jackals
  18 kobolds
  4 quokkas
  10 bats
  6 frilled lizards
  A goblin zombie (Ossuary)
  9 hobgoblin zombies (Ossuary)
  A jackal zombie (Ossuary)
  9 kobold zombies (Ossuary)
  7 orc zombies (Ossuary)
  A quokka skeleton (D:4)
  10 rats
  A rat zombie (Ossuary)
  A plant (D:10)
496 creatures vanquished.

Vanquished Creatures (collateral kills)
  Rupert (D:12)
  2 oklob plants (D:10)
  An ugly thing (D:8)
  A komodo dragon (Lair:1)
  A hell hound (Volcano)
  An ogre (D:8)
7 creatures vanquished.

Vanquished Creatures (others)
  A fire crab (Volcano)
  2 slaves (D:7)
  A bullfrog (D:7)
  2 howler monkeys (D:7)
  A crimson imp (D:7)
  A gnoll (D:7)
  A shadow imp (D:7)
  An orc (Orc:2)
  A giant cockroach (D:7)
  2 kobolds (D:7)
  5 fungi (Lair:1)
  4 plants (D:12)
22 creatures vanquished.

Grand Total: 525 creatures vanquished

Notes
Turn   | Place    | Note
-------+----------+-------------------------------------------
     0 | D:1      | MrDNA the Kobold Berserker began the quest for the Orb.
     0 | D:1      | Reached XP level 1. HP: 14/14 MP: 1/1
   227 | D:1      | Reached XP level 2. HP: 17/19 MP: 2/2
   613 | D:2      | Reached XP level 3. HP: 24/24 MP: 3/3
   642 | D:2      | Noticed Natasha
   646 | D:2      | Reached ** piety under Trog
   653 | D:2      | Killed Natasha
   653 | D:2      | Reached skill level 3 in Axes
   653 | D:2      | Reached XP level 4. HP: 29/29 MP: 4/4
  1464 | D:2      | Reached XP level 5. HP: 22/34 MP: 5/5
  1899 | D:2      | Noticed Natasha
  1917 | D:2      | Killed Natasha
  3047 | D:3      | Reached XP level 6. HP: 33/39 MP: 6/6
  3564 | D:4      | Reached skill level 5 in Fighting
  3700 | D:4      | Reached skill level 4 in Axes
  3886 | D:4      | Reached *** piety under Trog
  4390 | D:4      | Reached XP level 7. HP: 16/44 MP: 7/7
  4729 | D:4      | Found a bloodstained altar of Trog.
  4860 | D:4      | Found Icitsuull's Gadget Shop.
  4895 | D:4      | Found an ancient bone altar of Kikubaaqudgha.
  5271 | D:4      | Found an iron altar of Okawaru.
  5409 | D:4      | Found a staircase to the Ecumenical Temple.
  5567 | D:5      | Entered Level 5 of the Dungeon
  5689 | D:5      | Gained mutation: Your magical capacity is low. (-10% MP) [potion of mutation]
  5689 | D:5      | Gained mutation: You can translocate small distances at will. [potion of mutation]
  5689 | D:5      | Lost mutation: You can translocate small distances at will. [potion of mutation]
  5689 | D:5      | Gained mutation: You are resistant to hostile enchantments. (MR+) [potion of mutation]
  5690 | D:5      | Lost mutation: Your magical capacity is low. (-10% MP) [potion of mutation]
  5690 | D:5      | Gained mutation: Your body sometimes deteriorates upon taking damage. [potion of mutation]
  5690 | D:5      | Gained mutation: You have a pair of small antennae on your head. [potion of mutation]
  5690 | D:5      | Gained mutation: Your movements are slightly less encumbered by armour. (ER -2) [potion of mutation]
  6105 | D:5      | Found a sparkling altar of Nemelex Xobeh.
  6149 | D:5      | Found a snail-covered altar of Cheibriados.
  6151 | D:5      | Found a hide-covered altar of Uskayaw.
  6186 | D:5      | Reached skill level 5 in Axes
  6211 | D:5      | Reached XP level 8. HP: 43/50 MP: 8/8
  6678 | D:6      | Found a sand-covered staircase.
  6683 | D:6      | Noticed Menkaure
  6700 | D:6      | Killed Menkaure
  6706 | Ossuary  | Entered an ossuary
  6957 | Ossuary  | Reached **** piety under Trog
  7070 | Ossuary  | Reached skill level 6 in Axes
  7896 | D:6      | Reached XP level 9. HP: 54/55 MP: 9/9
  8105 | D:7      | Reached skill level 7 in Axes
  8152 | D:7      | Noticed Pikel
  8210 | D:7      | Killed Pikel
  8210 | D:7      | Reached skill level 5 in Armour
  8635 | D:7      | Reached skill level 8 in Axes
  9249 | D:7      | Found a glowing golden altar of the Shining One.
  9352 | D:7      | Found a shattered altar of Ashenzari.
  9450 | D:7      | Found a blossoming altar of Fedhas.
  9800 | D:8      | Reached XP level 10. HP: 56/62 MP: 10/10
  9975 | D:8      | Found a shattered altar of Ashenzari.
 10210 | D:8      | Reached ***** piety under Trog
 10210 | D:8      | Reached skill level 9 in Axes
 10215 | D:8      | Noticed a purple ugly thing
 10253 | D:8      | Killed a purple ugly thing
 10877 | D:8      | Noticed a two-headed ogre
 10886 | D:8      | Killed a two-headed ogre
 11069 | D:9      | Reached skill level 10 in Axes
 11172 | D:9      | Noticed a two-headed ogre
 11182 | D:9      | Killed a two-headed ogre
 11182 | D:9      | Reached XP level 11. HP: 61/68 MP: 11/11
 11336 | D:9      | Found a staircase to the Orcish Mines.
 11637 | D:9      | Found an opulent altar of Gozag.
 12005 | D:9      | Found a white marble altar of Elyvilon.
 12115 | D:10     | Entered Level 10 of the Dungeon
 12243 | D:10     | Noticed an oklob plant
 12361 | D:10     | Found a staircase to the Lair.
 12374 | D:10     | Noticed an oklob plant
 12470 | D:10     | Noticed a two-headed ogre
 12481 | D:10     | Killed a two-headed ogre
 12816 | D:10     | Noticed a two-headed ogre
 12829 | D:10     | Killed a two-headed ogre
 12829 | D:10     | Reached skill level 11 in Axes
 13662 | D:10     | Killed an oklob plant
 13663 | D:10     | Killed an oklob plant
 13854 | Lair:1   | Entered Level 1 of the Lair of Beasts
 14414 | Lair:1   | Reached XP level 12. HP: 55/76 MP: 12/12
 15074 | Lair:1   | Reached skill level 10 in Fighting
 15088 | Lair:1   | Reached skill level 12 in Axes
 15865 | Lair:1   | Noticed a seven-headed hydra
 15897 | Lair:1   | Killed a seven-headed hydra
 16450 | Lair:1   | Reached skill level 1 in Maces & Flails
 17416 | D:11     | Reached XP level 13. HP: 80/83 MP: 13/13
 18153 | D:11     | Noticed Fannar
 18177 | D:11     | Killed Fannar
 18177 | D:11     | Reached skill level 13 in Axes
 18247 | D:11     | Identified a scroll of acquirement
 18249 | D:11     | Got an ancient shield
 18260 | D:11     | Identified the +4 shield of Discretion {rPois rF+ Str+2} (You acquired it on level 11 of the Dungeon)
 18388 | D:11     | Received a gift from Trog
 18807 | D:12     | Noticed Rupert
 18835 | D:12     | Killed Rupert
 19154 | D:12     | Upgraded the game from 0.20-a0-924-gfa95efa to 0.20-a0-927-g1ae2c61
 19224 | D:12     | Noticed aTarkinC's ghost (journeyman KoFE)
 19259 | D:12     | Killed aTarkinC's ghost
 19375 | D:12     | Found a shadowy altar of Dithmenos.
 19708 | D:12     | Noticed Nessos
 19735 | D:12     | Killed Nessos
 20053 | Orc:1    | Entered Level 1 of the Orcish Mines
 20070 | Orc:1    | Received a gift from Trog
 20071 | Orc:1    | Got a smoking broad axe {god gift}
 20091 | Orc:1    | Identified the +9 broad axe of Destruction {protect, Str-2 Int+2 SInv} (Trog gifted it to you on level 1 of the Orcish Mines)
 20264 | Orc:1    | Found a dark tunnel.
 20365 | Volcano  | Entered a volcano
 21482 | Orc:1    | Reached XP level 14. HP: 63/91 MP: 14/14
 22002 | Orc:2    | Entered Level 2 of the Orcish Mines
 22002 | Orc:2    | Found Beakh's Jewellery Shop.
 22002 | Orc:2    | Noticed Maurice
 22005 | Orc:2    | Noticed Josephine
 22112 | Orc:1    | Reached skill level 14 in Axes
 22223 | Orc:1    | Received a gift from Trog
 22698 | Orc:2    | Noticed moarrgan's ghost (journeyman MiBe)
 22717 | Orc:1    | Reached skill level 10 in Armour
 22764 | Orc:1    | Slain by an orc warrior

Vault maps used:
D:1:      moated_graveyard_arrival
D:2:      uniq_natasha
D:3:      kennysheep_generic_room_14
D:4:      okawaru_metal_pillars_1_2, bloody_trog, kennysheep_mini,
          minmay_temple_entry_from_below_a, serial_shops, nicolae_shop_trees,
          minmay_close_crescents
D:5:      nemelex_xobeh_ov_fountains_minmay, nicolae_overflow_hidden_temple,
          first_bread
D:6:      enter_ossuary_1, uniq_menkaure
D:7:      lemuel_coloured_pillars_altar, kennysheep_mini_moat, basic_altar,
          uniq_pikel
D:8:      nicolae_ashenzari_panopticon, minmay_bent
D:9:      lemuel_doored_altar, marbit_many_paths, orc_0_dummy, grunt_ogre_cave
D:10:     dpeg_oklobed_lair
D:11:     special_room, uniq_fannar
D:12:     serial_bayou, serial_bayou_lagoon_b, serial_bayou_lake_a,
          serial_bayou_pond_c, serial_bayou_crossing, grunt_dithmenos_shadows,
          uniq_nessos, uniq_rupert
Lair:1:   grunt_megastairs_4
Orc:1:    enter_volcano_1
Orc:2:    grunt_orc_gardens, grunt_orc_garden, grunt_orc_garden,
          grunt_orc_garden, grunt_orc_garden, basic_altar,
          nicolae_orc_lava_room, uniq_saint_roka, uniq_maurice, uniq_josephine
Ossuary:  ossuary_tomb_1
Volcano:  volcano_pools

Skill      XL: |  1  2  3  4  5  6  7  8  9 10 11 12 13 14 |
---------------+-------------------------------------------+-----
Fighting       | 4 5 6 7 8 9 10 11 12 | 12.1
Axes           | 3 4 5 6 8 10 11 12 13 14 | 14.0
Armour         | 2 3 4 5 6 7 8 9 10 | 10.0
Maces & Flails | 1 |  1.0
Dodging        | |  2.4
Shields        | |  0.2

Action                   |  1- 3 |  4- 6 |  7- 9 | 10-12 | 13-15 || total
-------------------------+-------+-------+-------+-------+-------++-------
Melee: Hand axe          |    79 |   297 |   623 |    86 |       ||  1085
       Unarmed           |       |    18 |       |       |       ||    18
       War axe           |       |       |       |   603 |   586 ||  1189
       Flail             |       |       |       |    14 |       ||    14
       Broad axe         |       |       |       |       |     8 ||     8
 Fire: Arbalest          |       |     7 |     1 |       |       ||     8
       Blowgun           |       |       |     7 |    14 |       ||    21
Throw: Throwing net      |       |       |       |     3 |       ||     3
       Tomahawk          |       |       |       |     2 |     1 ||     3
Invok: Berserk           |     1 |     2 |     4 |    15 |     6 ||    28
       Brothers in Arms  |       |       |       |     3 |     3 ||     6
       Trog's Hand       |       |       |       |     2 |     7 ||     9
       Burn Spellbooks   |       |       |       |     1 |     2 ||     3
Evoke: Wand              |       |       |       |       |     1 ||     1
  Use: Scroll            |     1 |     4 |    10 |     2 |    12 ||    29
       Potion            |       |       |     2 |     1 |     5 ||     8
 Stab: Sleeping          |     1 |       |       |       |       ||     1
       Confused          |       |       |     1 |       |       ||     1
       Held in net/web   |       |       |       |     1 |       ||     1
       Invisible         |       |       |       |       |     4 ||     4
  Eat: Chunk             |     4 |    15 |    23 |    34 |    29 ||   105
       Meat ration       |       |       |       |     1 |       ||     1
Armor: Scale mail        |    40 |     5 |       |       |       ||    45
       Plate armour      |       |   183 |   346 |   310 |   274 ||  1113
Dodge: Dodged            |    69 |   122 |   246 |   230 |   186 ||   853
Block: Buckler           |       |       |    18 |   119 |    25 ||   162
       Shield            |       |       |       |       |   261 ||   261
